 Dungeon Crawl Stone Soup version 0.28.0-53-g5a82cb258f (webtiles) character file.

Game seed: 4870075977786083252

129 Peloso the Covered (level 4, -1/41 HPs)
             Began as a Minotaur Fighter on May 31, 2022.
             Slain by a water moccasin skeleton (4 damage)
             ... on level 3 of the Dungeon.
             The game lasted 00:02:15 (1386 turns).

Peloso the Covered (Minotaur Fighter)               Turns: 1386, Time: 00:02:16

Health: -1/41      AC:  8    Str: 21    XL:     4   Next: 88%
Magic:  3/3        EV:  9    Int:  5    God:
Gold:   22         SH:  4    Dex: 11    Spells: 3/3 levels left

rFire   . . .      SeeInvis .   a - +0 long sword
rCold   . . .      Faith    .   c - +0 buckler
rNeg    . . .      Spirit   .   b - +0 scale mail
rPois   .          Reflect  .   (helmet restricted)
rElec   .          Harm     .   (no cloak)
rCorr   .          Rampage  .   (no gloves)
Will    .....                   k - +0 pair of boots
Stlth   ..........              (no amulet)
HPRegen 0.13/turn               (no ring)
MPRegen 0.08/turn               (no ring)

@: no status effects
A: horns 2, retaliatory headbutt
a: no special abilities


You were on level 3 of the Dungeon.
You visited 1 branch of the dungeon, and saw 4 of its levels.

You collected 22 gold pieces.

Inventory:

Hand Weapons
 a - a +0 long sword (weapon)
Armour
 b - a +0 scale mail (worn)
 c - a +0 buckler (worn)
 k - a +0 pair of boots (worn)
Jewellery
 m - an amulet of the acrobat
Scrolls
 e - a scroll of magic mapping {unknown}
 f - 2 scrolls of identify {unknown}
 h - a scroll of noise {unknown}
 i - a scroll of fog {unknown}
 j - a scroll of silence {unknown}
 l - a scroll of enchant weapon {unknown}
Potions
 d - a potion of might
 g - a potion of heal wounds {unknown}


   Skills:
 + Level 4.5 Fighting
 + Level 4.0 Long Blades
 + Level 4.6 Armour
 + Level 0.3 Dodging
 + Level 0.2 Stealth
 + Level 4.3 Shields


You had 3 spell levels left.
You didn't know any spells.
Your spell library was empty.

Dungeon Overview and Level Annotations

Branches:
Dungeon (4/15)
 Temple: D:4-7

Altars:

Shops:
D:1 (!!*

Annotations:
D:2 1 runed translucent door, Crazy Yiuf


Innate Abilities, Weirdness & Mutations

You have a pair of horns on your head.
You reflexively headbutt those who attack you in melee.


Message History

You block the goblin's attack.
You hit the goblin.
You kill the goblin!
An endoplasm comes into view.
The endoplasm quivers.
A ball python comes into view.
Things that are here:
a +0 dagger; a +0 hunting sling; 15 stones The endoplasm jiggles.
Found 23 bolts.
You see here a hound corpse.
There is a stone staircase leading down, spattered with blood here.
You barely miss the ball python. You block the ball python's attack.
The ball python grabs you. The ball python constricts you.
* * * LOW HITPOINT WARNING * * *
The endoplasm jiggles.
You slash the ball python!
You kill the ball python!
A water moccasin skeleton comes into view.
You hit the endoplasm.
The endoplasm is almost dead.
The endoplasm freezes you.
You are frozen.
* * * LOW HITPOINT WARNING * * *
The endoplasm barely misses you.
You hit the endoplasm.
You kill the endoplasm!
You hit the water moccasin skeleton.
The water moccasin skeleton is lightly damaged.
The water moccasin skeleton closely misses you.
You furiously retaliate!
You headbutt the water moccasin skeleton, but do no damage.
You hit the water moccasin skeleton.
The water moccasin skeleton is lightly damaged.
The water moccasin skeleton bites you but does no damage. x2
You slash the water moccasin skeleton!
Your headbutt misses the water moccasin skeleton.
The water moccasin skeleton is heavily damaged.
The water moccasin skeleton bites you.
You die...

. # .( ...
#####.#
.....####@†...#
.......)Z†....#
####.#...####....
#...# ### #....
#.#### .. ..# .#.


You could see a water moccasin skeleton.

Vanquished Creatures
  A howler monkey (D:3)
  A hound (D:3)
  An adder (D:2)
  4 dart slugs
  An orc (D:4)
  5 bats
  2 endoplasms
  3 goblins
  6 hobgoblins
  4 jackals (D:1)
  4 ball pythons
  3 frilled lizards
  6 kobolds
  A rat (D:1)
42 creatures vanquished.

Notes
Turn   | Place    | Note
-------+----------+-------------------------------------------
     0 | D:1      | Peloso the Minotaur Fighter began the quest for the Orb.
     0 | D:1      | Reached XP level 1. HP: 19/19 MP: 0/0
    96 | D:1      | Reached XP level 2. HP: 16/27 MP: 1/1
   365 | D:1      | Found Goca's Distillery.
   437 | D:1      | Found Ketewn's Distillery.
   653 | D:1      | Found Xustu's General Store.
   719 | D:1      | Found Votimutz's Weapon Boutique.
   967 | D:1      | Reached XP level 3. HP: 33/33 MP: 2/2
  1160 | D:2      | Found a runed translucent door.
  1161 | D:2      | Noticed Crazy Yiuf
  1314 | D:2      | You fall into a shaft and drop 2 floors!
  1350 | D:4      | Noticed a kobold brigand
  1354 | D:4      | Noticed a bullfrog
  1359 | D:3      | Reached XP level 4. HP: 16/41 MP: 3/3
  1377 | D:3      | HP: 2/41 [frozen (2)]
  1386 | D:3      | Slain by a water moccasin skeleton

Illustrated notes

Levels and vault maps discovered:
D:1:      minmay_arrival_four_houses, layout_basic, serial_shops,
          nicolae_shop_bloodbath_and_beyond, nicolae_shop_advertising_works
          [nicolae_subvault_shop_adworks], nicolae_shop_waterfront,
          nicolae_shop_statue_plus
D:2:      layout_loops_corners, uniq_jessica, uniq_crazy_yiuf_cottage
D:3:      layout_rooms, serial_shops, shop, uniq_sigmund
D:4:      layout_rooms, kennysheep_little_box, serial_shops,
          nicolae_take_the_stairs, kennysheep_minor_cross,
          minmay_misc_feat_diagonals, uniq_robin

Skill      XL: |  1  2  3  4 |
---------------+-------------+-----
Armour         | 4 |  4.6
Fighting       | 4 |  4.5
Shields        | 4 |  4.3
Long Blades    | 3 4 |  4.0
Dodging        | |  0.3
Stealth        | |  0.2

Action                   |  1- 3 |  4- 6 || total
-------------------------+-------+-------++-------
Melee: Long sword        |    81 |    17 ||    98
       Headbutt          |    11 |     2 ||    13
Armor: Scale mail        |    56 |     6 ||    62
Dodge: Dodged            |    46 |     8 ||    54
Block: Buckler           |    22 |     2 ||    24
